 Dungeon Crawl Stone Soup version 0.30-a0-800-g7c544603b3 (webtiles) character file.

Game seed: 14243821565671594989

236 Demosthentine the Poker (level 5, -2/41 HPs)
             Began as a Demonspawn Gladiator on Feb 22, 2023.
             Slain by an orc
             ... wielding a +0 hand axe
              (6 damage)
             ... on level 4 of the Dungeon.
             The game lasted 00:03:35 (3311 turns).

Demosthentine the Poker (Demonspawn Gladiator)      Turns: 3311, Time: 00:03:36

Health: -2/41      AC:  5    Str: 15    XL:     5   Next: 77%
Magic:  5/5        EV: 13    Int: 13    God:
Gold:   133        SH:  0    Dex: 19    Spells: 4/4 levels left

rFire   . . .      SeeInvis .    a - +0 trident (freeze)
rCold   . . .      Faith    .    (no shield)
rNeg    . . .      Spirit   .    n - +2 leather armour "Dimig" {Int+4 Dex+3}
rPois   .          Reflect  .    (helmet restricted)
rElec   .          Harm     .    (no cloak)
rCorr   .          Rampage  .    (no gloves)
Will    .....                    (no boots)
Stlth   +                        (no amulet)
HPRegen 0.26/turn                (no ring)
MPRegen 0.18/turn                (no ring)

@: mighty
A: antennae 2, magic regeneration
a: no special abilities


You were on level 4 of the Dungeon.
You visited 1 branch of the dungeon, and saw 5 of its levels.

You collected 159 gold pieces.
You spent 26 gold pieces at shops.

Inventory:

Hand Weapons
 a - a +0 trident of freezing (weapon)
Missiles
 d - 4 throwing nets (quivered)
 e - a javelin
Armour
 n - the +2 leather armour "Dimig" (worn) {Int+4 Dex+3}
   (You found it on level 2 of the Dungeon)

   Int:       It affects your intelligence (+4).
   Dex:       It affects your dexterity (+3).
Jewellery
 s - a +4 ring of protection
Wands
 b - a wand of flame (13)
Scrolls
 k - a scroll of blinking
 l - a scroll of teleportation
Potions
 c - a potion of attraction
 f - 2 potions of might
 g - a potion of haste
 h - 2 potions of ambrosia {unknown}
 i - 3 potions of degeneration {unknown}
 j - a potion of lignification {unknown}
 m - a potion of flight {unknown}
 o - 3 potions of brilliance {unknown}
 p - a potion of heal wounds {unknown}


   Skills:
 + Level 3.4 Fighting
 + Level 3.7 Polearms
 - Level 1.7 Throwing
 + Level 2.3 Armour
 + Level 3.7 Dodging


You had 4 spell levels left.
You didn't know any spells.
Your spell library contained the following spells:

 Spells                   Type           Power      Damage    Failure   Level
 Summon Small Mammal      Summ           0%         N/A       36%         1
 Blink                    Tloc           0%         N/A       50%         2
 Ensorcelled Hibernation  Hex/Ice        0%         N/A       50%         2
 Lesser Beckoning         Tloc           0%         N/A       50%         2
 Momentum Strike          Conj/Tloc      0%         3d8       50%         2
 Call Canine Familiar     Summ           0%         N/A       75%         3
 Spider Form              Tmut/Pois      0%         N/A       75%         3
 Summon Guardian Golem    Hex/Summ       0%         N/A       75%         3
 Anguish                  Hex/Necr       0%         N/A       98%         4


Dungeon Overview and Level Annotations

Branches:
Dungeon (5/15)
 Temple: D:4-7

Altars:

Shops:
D:3 *   D:5 =


Innate Abilities, Weirdness & Mutations

You have a pair of antennae on your head.
You regenerate magic rapidly.


Message History

The puff of frost hits you!
An adder comes into view.
Found a scroll labelled REAVIADESH.
Found a hand axe and 17 gold pieces.
An iguana comes into view.
Unknown command.
The orc attacks as you move away! The orc hits you but does no damage.
An iguana comes into view.
The orc attacks as you move away! The orc hits you with a +0 flail.
The orc attacks as you move away! The orc barely misses you.
The orc attacks as you move away! The orc barely misses you.
The orc attacks as you move away! The orc barely misses you.
The orc attacks as you move away! The orc hits you with a +0 flail!
There is a stone staircase leading up here.
The orc closely misses you.
You climb upwards.
Reactivating autopickup.
There is a stone staircase leading down here.
The orc barely misses you.
You climb downwards.
The iguana barely misses you. The orc closely misses you.
The adder closely misses you. The orc hits you with a +0 hand axe.
The iguana closely misses you. Something barely misses you.
There is a stone staircase leading up here.
The iguana hisses angrily.
The adder completely misses you. The orc hits you with a +0 flail!
* * * LOW HITPOINT WARNING * * *
The iguana bites you but does no damage.
The adder closely misses you. Something hits you but does no damage.
Deactivating autopickup; reactivate with Ctrl-A.
The orc barely misses you.
You climb upwards.
Reactivating autopickup.
There is a stone staircase leading down here.
Unknown command.
It was a potion of might.
You feel very mighty all of a sudden. The orc hits you with a +0 flail!
* * * LOW HITPOINT WARNING * * *
The adder barely misses you. The orc hits you with a +0 hand axe.
You die...

#...............##...
#..)............###..
#...............# #..
#.........###.#.# ##.
##......##...#.#.####.
#.<.......##...#......
#....................†
#(..{lo...##..........
#####@o#####..........
###S#####..........
#..................
#......##..........
#......##..........
#.....#######.###.#
#.....# #....)#
#.....# ##.####
#.....# #.#


You could see an iguana, an adder and 2 orcs.

Vanquished Creatures
  A hound (D:4)
  A jelly (D:5)
  An orc priest (D:4)
  5 adders
  5 dart slugs
  7 orcs
  3 bats
  5 endoplasms
  3 giant cockroaches
  9 goblins
  8 hobgoblins
  12 jackals
  5 quokkas
  2 ball pythons
  2 frilled lizards
  7 kobolds
  4 rats (D:2)
80 creatures vanquished.

Notes
Turn   | Place    | Note
-------+----------+-------------------------------------------
     0 | D:1      | Demosthentine the Demonspawn Gladiator began the quest for
                  | the Orb.
     0 | D:1      | Reached XP level 1. HP: 16/16 MP: 1/1
   155 | D:1      | Gained mutation: You have a pair of small antennae on your
                  | head. [demonic ancestry]
   155 | D:1      | Reached XP level 2. HP: 20/22 MP: 2/2
   351 | D:1      | Found a faded altar of an unknown god.
   462 | D:1      | Reached skill level 1 in Armour
   776 | D:1      | Gained mutation: You regenerate magic rapidly. [demonic
                  | ancestry]
   776 | D:1      | Reached XP level 3. HP: 25/28 MP: 3/3
  1148 | D:2      | Identified the +2 leather armour "Dimig" {Int+4 Dex+3}
  1353 | D:2      | Reached XP level 4. HP: 31/34 MP: 4/4
  1898 | D:3      | Found Moont's General Store.
  1907 | D:3      | Bought a scroll of identify for 26 gold pieces
  2612 | D:4      | Gained mutation: You have a pair of antennae on your head.
                  | [demonic ancestry]
  2612 | D:4      | Reached XP level 5. HP: 31/41 MP: 5/5
  3125 | D:4      | Identified the +0 chain mail "Ugaig" {rF+ rC+}
  3260 | D:5      | Entered Level 5 of the Dungeon
  3260 | D:5      | Found Xywebbai's Jewellery Emporium.
  3311 | D:4      | Slain by an orc

Illustrated notes

Levels and vault maps discovered:
D:1:      dpeg_arrival_arbitrary_b, layout_loops_corners,
          hellmonk_ecumenical_altar_prayer_group
D:2:      layout_basic
D:3:      layout_basic, serial_shops, shop, st_stairs_14, nicolae_titane
D:4:      layout_rooms, chequers_mini_garden
D:5:      layout_cave_pools, minmay_temple_entry_glass,
          gammafunk_ghost_mausoleum, serial_shops, nicolae_diamond_shop,
          uniq_prince_ribbit1

Skill      XL: |  1  2  3  4 |
---------------+-------------+-----
Polearms       | 3 |  3.7
Dodging        | 3 |  3.7
Armour         | 1 2 |  2.3
Fighting       | 3 |  3.4
Throwing       | |  1.7

Action                     |  1- 3 |  4- 6 || total
---------------------------+-------+-------++-------
  Melee: Trident           |   128 |   112 ||   240
         Punch             |     2 |       ||     2
    Use: Scroll            |     2 |     7 ||     9
         Potion            |       |     1 ||     1
   Stab: Sleeping          |       |     5 ||     5
 Armour: Leather armour    |    34 |    28 ||    62
  Dodge: Dodged            |    68 |    88 ||   156

Table legend: (Time is in decaauts)
 A = Elapsed time spent in this place.
 B = Non-inter-level travel time spent in this place.
 C = Inter-level travel time spent in this place.
 D = Time resting spent in this place.
 E = Time spent auto-exploring this place.
 F = Levels seen in this place.
 G = Mean time per level.
                   A        B        C        D        E       F      G
               +--------+--------+--------+--------+--------+-----+--------+
         Total |   3349 |   3295 |     54 |    271 |   2381 |   5 |  669.8 |
       Dungeon |   3349 |   3295 |     54 |    271 |   2381 |   5 |  669.8 |
               +--------+--------+--------+--------+--------+-----+--------+

Top non-repeatable levels by time:
     D:3: 1028 daAuts
     D:1: 911 daAuts
     D:2: 871 daAuts
     D:4: 489 daAuts
     D:5: 48 daAuts
